 Dungeon Crawl Stone Soup version 0.28.0-53-g5a82cb258f (webtiles) character file.

Game seed: 17310408918081610689

14 DocClef the Skirmisher (level 2, -1/26 HPs)
             Began as a Draconian Fighter on June 15, 2022.
             Slain by a goblin
             ... wielding a +0 dagger
              (2 damage)
             ... on level 1 of the Dungeon.
             The game lasted 00:00:55 (165 turns).

DocClef the Skirmisher (Draconian Fighter)           Turns: 165, Time: 00:00:56

Health: -1/26      AC:  5    Str: 18    XL:     2   Next: 27%
Magic:  2/2        EV: 12    Int:  8    God:
Gold:   7          SH:  4    Dex: 10    Spells: 1/1 levels left

rFire   . . .      SeeInvis .   a - +0 war axe
rCold   . . .      Faith    .   b - +0 buckler
rNeg    . . .      Spirit   .   (armour unavailable)
rPois   .          Reflect  .   (helmet restricted)
rElec   .          Harm     .   (no cloak)
rCorr   .          Rampage  .   h - +0 pair of gloves
Will    .....                   (no boots)
Stlth   +.........              (no amulet)
HPRegen 0.08/turn               (no ring)
MPRegen 0.08/turn               (no ring)

@: slowed, very slow
A: AC +4, unfitting armour, cold-blooded
a: no special abilities


You were on level 1 of the Dungeon.
You visited 1 branch of the dungeon, and saw 1 of its levels.

You collected 7 gold pieces.

Inventory:

Hand Weapons
 a - a +0 war axe (weapon)
Armour
 b - a +0 buckler (worn)
 h - a +0 pair of gloves (worn)
Scrolls
 d - a scroll of noise {unknown}
Potions
 c - a potion of might
 e - 2 potions of flight {unknown}
 f - a potion of heal wounds {unknown}
 g - a potion of mutation {unknown}


   Skills:
 + Level 3.5 Fighting
 + Level 2.2 Axes
 + Level 2.9 Dodging
 + Level 3.1 Shields


You had one spell level left.
You didn't know any spells.
Your spell library was empty.

Dungeon Overview and Level Annotations

Branches:
Dungeon (1/15)

Altars:


Innate Abilities, Weirdness & Mutations

Your plain brown scales are hard. (AC +4)
You cannot fit into any form of body armour.
You are cold-blooded and may be slowed by cold attacks.


Message History

You are frozen.
You feel yourself slow down. The goblin hits you with a +0 dagger.
An endoplasm comes into view.
The endoplasm barely misses you. The goblin hits you with a +0 dagger.
You completely miss the endoplasm.
The endoplasm is lightly wounded.
You hit the goblin.
The endoplasm jiggles.
The endoplasm hits you but does no damage.
The goblin hits you but does no damage. The endoplasm freezes you.
You are frozen.
You block the goblin's attack.
You miss the goblin.
The goblin is heavily wounded.
You hit the endoplasm but do no damage. The endoplasm freezes you.
You are frozen.
You feel as though you will be slow longer.
You block the goblin's attack. The endoplasm barely misses you.
The goblin hits you with a +0 dagger.
You hit the endoplasm but do no damage.
The endoplasm is lightly wounded.
You completely miss the goblin. The endoplasm freezes you.
You are frozen.
You feel as though you will be slow longer.
The goblin hits you but does no damage. The endoplasm freezes you.
You are frozen.
* * * LOW HITPOINT WARNING * * *
You feel as though you will be slow longer.
The goblin barely misses you.
You hit the endoplasm.
The endoplasm is severely wounded.
You hit the goblin but do no damage. The endoplasm freezes you.
You are frozen.
* * * LOW HITPOINT WARNING * * *
The goblin hits you with a +0 dagger.
You die...

####+##.#
#....##..##8###8##..#
#.###....##. #.
..#...# #........+.
.. ......#
#####....#####... ...
+..............# ###
#########.####.# #.#
#.## #g@# ##J#


#gJ ##.# .. ..# ... .#.. You could see 2 endoplasms, a hobgoblin and a goblin.

Vanquished Creatures
  A dart slug (D:1)
  An endoplasm (D:1)
  A giant cockroach (D:1)
  A goblin (D:1)
  A hobgoblin (D:1)
  A quokka (D:1)
  A ball python (D:1)
  2 frilled lizards (D:1)
  3 rats (D:1)
12 creatures vanquished.

Notes
Turn   | Place    | Note
-------+----------+-------------------------------------------
     0 | D:1      | DocClef the Draconian Fighter began the quest for the Orb.
     0 | D:1      | Reached XP level 1. HP: 19/19 MP: 1/1
    45 | D:1      | Found a faded altar of an unknown god.
    59 | D:1      | Reached XP level 2. HP: 24/26 MP: 2/2
   165 | D:1      | HP: 1/26 [frozen (4)]
   165 | D:1      | Slain by a goblin

Illustrated notes

Levels and vault maps discovered:
D:1:      scummos_arrival_simple_crosswalls, layout_basic,
          ebering_ecumenical_altar_webs

Action                   || total
-------------------------++-------
Melee: War axe           ||    41
       Tailslap          ||     6
Armor: Skin              ||    13
Dodge: Dodged            ||    23
Block: Buckler           ||     6
